AoeStats
← sinko peso

Arabia

510651220Analyzed
1v1 RM · 19h ago on Oct 2, 2026· 59m 6s· 2 players
Game mode
Random Map
Map size
Tiny (2 player)
Population
200
Speed
Normal
Resources
Standard
Victory
Conquest
Starting age
Dark Age
Ending age
Imperial Age
RankedLock teamsTeams togetherTeam positionsShared explorationLock speedFull tech treeHidden civsTurbo modeCheats
Victory
Defeat
🇦🇷 Khitans · Argentina
831
+18
🇲🇽 Sicilians · Mexico
864
-49
LyM.leantorras
7:46 Loom
10:32 Feudal Age
11:01 Double-Bit Axe
11:18 Domestication
16:02 Forging
18:41 Scale Barding Armor
23:56 Castle Age
23:40 Gold Mining
25:11 Fletching
26:20 Bow Saw
27:09 Padded Archer Armor
27:58 Heavy Cavalry Archer
29:20 Bodkin Arrow
29:30 Husbandry
31:20 Leather Archer Armor
31:35 Ballistics
32:57 Thumb Ring
36:20 Iron Casting
45:23 Wheelbarrow
49:17 Imperial Age
47:31 Stone Mining
49:30 Chain Barding Armor
50:22 Conscription
50:31 Parthian Tactics
49:37 Light Cavalry
50:24 Bracer
50:55 Ring Archer Armor
51:02 Plate Barding Armor
52:12 Chemistry
sinko peso
3:03 Loom
11:47 Feudal Age
20:51 Scale Mail Armor
22:09 Forging
24:48 Arson
25:16 Man-at-Arms
27:10 Fletching
29:23 Double-Bit Axe
30:57 Padded Archer Armor
35:02 Gold Mining
Connection lost

Rejoining the realm…

Still unreachable

The connection could not be restored.

Session expired

The server has moved on; the page needs a fresh start.